 Dungeon Crawl Stone Soup version 0.31-a0-230-g09eb5fc4d3 (webtiles) character file.

Game seed: 16569829045183432186

791 qw the Skirmisher (level 7, -2/59 HPs)
             Began as a Minotaur Hexslinger on July 6, 2023.
             Slain by a lemure (3 damage)
             ... led by Pikel
             ... on level 5 of the Dungeon.
             The game lasted 00:01:47 (4141 turns).

qw the Skirmisher (Minotaur Hexslinger)             Turns: 4141, Time: 00:01:47

Health: -2/59      AC:  7    Str: 12    XL:     7   Next: 57%
Magic:  7/7        EV: 12    Int: 10    God:
Gold:   311        SH:  0    Dex: 21    Spells: 7/8 levels left

rFire   . . .        Y - +4 sling
rCold   . . .        (no shield)
rNeg    . . .        a - +0 ring mail
rPois   .            (helmet restricted)
rElec   .            j - +1 cloak
rCorr   .            (no gloves)
SInv    .            (no boots)
Will    .....        (no amulet)
Stlth   +            f - +6 ring of dexterity
HPRegen 0.29/turn    (no ring)
MPRegen 0.10/turn

%: no passive effects
@: lethally poisoned (-2 -> -3)
A: horns 2, retaliatory headbutt
a: no special abilities


You were on level 5 of the Dungeon.
You visited 1 branch of the dungeon, and saw 5 of its levels.
You also visited: Sewer.

You collected 311 gold pieces.


Innate Abilities, Weirdness & Mutations

You have a pair of horns on your head.
You reflexively headbutt those who attack you in melee.


   Skills:
 + Level 4.0 Fighting
 - Level 8.2 Ranged Weapons
 - Level 2.5 Armour
 - Level 3.0 Dodging
 - Level 1.0 Spellcasting
 - Level 2.0 Hexes


You had 7 spell levels left.
You knew the following spells:

 Your Spells              Type           Power      Damage    Failure   Level
a - Slow                  Hex            16%        N/A       32%         1

Your spell library contained the following spells:

 Spells                   Type           Power      Damage    Failure   Level
 Inner Flame              Hex/Fire       2%         N/A       83%         3
 Portal Projectile        Hex/Tloc       4%         N/A       83%         3
 Cause Fear               Hex            2%         N/A       97%         4

Inventory:

Hand Weapons
 Y - a +4 sling (weapon)
Armour
 a - a +0 ring mail (worn)
 j - a +1 cloak (worn)
Jewellery
 f - a +6 ring of dexterity (left hand)
Scrolls
 h - a scroll of identify
Potions
 b - 3 potions of enlightenment
 c - a potion of degeneration {unknown}
 d - 5 potions of curing
 e - a potion of resistance {unknown}
 g - a potion of haste
 k - a potion of heal wounds {unknown}

Dungeon Overview and Level Annotations

Branches:
Dungeon (5/15)              Sewer (visited)
 Temple: D:4-7

Altars:
Gozag
Kikubaaqudgha
Trog
Zin

Annotations:
D:5 Pikel


Message History

The scorpion poisons you!
You shoot a sling bullet. The sling bullet hits the scorpion!
The scorpion is almost dead.
You feel very sick. The scorpion misses you. You furiously retaliate!
You headbutt the scorpion.
You kill the scorpion!
Pikel hits you with a +0 whip of flaming.
Pikel burns you.
Your Armour skill increases to level 2!
You shoot a sling bullet.
The sling bullet barely misses the lemure.
You feel sick.
Pikel says, "You'll rot in Tartarus!"
Pikel closely misses you. You furiously retaliate!
You headbutt Pikel. The lemure hits you!
Pikel hits you with a +0 whip of flaming!
Pikel burns you. The lemure barely misses you. You furiously retaliate!
You headbutt the lemure. You shoot a sling bullet.
The sling bullet barely misses the lemure.
You feel sick. Pikel hits you but does no damage. The lemure barely misses you.
The lemure hits you.
You shoot a sling bullet. The sling bullet hits the lemure.
The lemure is heavily wounded.
You feel sick.
Pikel hits you with a +0 whip of flaming.
Pikel burns you. The lemure misses you. The lemure hits you.
You shoot a sling bullet. The sling bullet hits the lemure.
The lemure is severely wounded.
You feel sick.
Pikel hits you with a +0 whip of flaming.
Pikel burns you. The lemure hits you but does no damage.
The lemure barely misses you.
You shoot a sling bullet. The sling bullet hits the lemure.
The lemure is severely wounded.
You feel sick.
Pikel hits you with a +0 whip of flaming.
Pikel burns you. The lemure barely misses you. You furiously retaliate!
You headbutt the lemure! The lemure hits you.
You die...

#.##.#.##.......%%..
#.##.......[........
#......####.........
####.#.## #####...##
#.......## #.....
###....#.# #...## #
#.#...## #...#
.##..##.##.## ##.##
......K@...# #.###
#.....55#### #.<..
.....#### #.)##
##..# ....... ....
....##.## ## #.##.
#.# . . ... ## ...
...#


You could see Pikel and 2 lemures.

Vanquished Creatures
  Menkaure (D:5)
  A black bear (D:5)
  A lemure (D:5)
  Blork the orc (D:5)
  A kobold brigand (Sewer)
  2 scorpions
  2 orc priests
  Jessica (D:3)
  An iguana (D:4)
  2 orc wizards
  2 adders
  2 river rats (Sewer)
  An ufetubus (D:5)
  4 worms
  3 dart slugs
  9 orcs
  9 endoplasms
  3 giant cockroaches
  6 goblins
  3 hobgoblins
  7 jackals
  5 quokkas
  9 ball pythons
  5 bats
  4 frilled lizards
  12 kobolds
  15 rats
112 creatures vanquished.

Notes
Turn   | Place    | Note
-------+----------+-------------------------------------------
     0 | D:1      | qw the Minotaur Hexslinger began the quest for the Orb.
     0 | D:1      | Reached XP level 1. HP: 16/16 MP: 1/1
     0 | D:1      | 0 ||| qw: Version: 0.3-a-46-gb1f654a
     0 | D:1      | 0 ||| qw: Game counter: 1733
     0 | D:1      | 0 ||| qw: Melee chars always use a shield: true
     0 | D:1      | 0 ||| qw: God list: Okawaru
     0 | D:1      | 0 ||| qw: Allow faded altars: false
     0 | D:1      | 0 ||| qw: Do Orc after clearing Dungeon:15 true
     0 | D:1      | 0 ||| qw: Do second Lair branch before Depths: true
     0 | D:1      | 0 ||| qw: Lair rune preference: random
     0 | D:1      | 0 ||| qw: Goals: Normal
     0 | D:1      | 0 ||| PLANNING D:1-11
   152 | D:1      | Reached skill level 3 in Ranged Weapons
   156 | D:1      | Reached XP level 2. HP: 23/23 MP: 2/2
   676 | D:1      | 676 ||| UPGRADING to +6 ring of dexterity.
   677 | D:1      | 677 ||| READING scroll labelled MOL JAGGATO.
   678 | D:1      | 678 ||| DROPPING scroll of poison.
   818 | D:2      | Reached XP level 3. HP: 29/29 MP: 3/3
   938 | D:2      | Reached skill level 4 in Ranged Weapons
  1195 | D:2      | 1195 ||| FLEEEEING.
  1196 | D:2      | 1196 ||| FLEEEEING.
  1197 | D:2      | 1197 ||| FLEEEEING.
  1198 | D:2      | 1198 ||| FLEEEEING.
  1199 | D:2      | 1199 ||| FLEEEEING.
  1205 | D:2      | 1205 ||| FLEEEEING.
  1206 | D:2      | 1206 ||| FLEEEEING.
  1207 | D:2      | 1207 ||| FLEEEEING.
  1208 | D:2      | 1208 ||| FLEEEEING.
  1209 | D:2      | 1209 ||| FLEEEEING.
  1210 | D:2      | 1210 ||| FLEEEEING.
  1211 | D:2      | 1211 ||| STAIRDANCE
  1238 | D:1      | 1238 ||| UPGRADING to +0 ring mail.
  1248 | D:1      | 1248 ||| DROPPING +0 robe.
  1249 | D:1      | 1249 ||| READING scroll labelled UXOXZO PEXA.
  1250 | D:1      | 1250 ||| DRINKING 2 bubbling pink potions.
  1474 | D:2      | 1474 ||| READING scroll labelled KOOZUE QAEPP.
  1566 | D:3      | Reached skill level 1 in Armour
  1711 | D:3      | Reached XP level 4. HP: 36/36 MP: 4/4
  1731 | D:3      | Found an opulent altar of Gozag.
  1861 | D:3      | Found a glowing silver altar of Zin.
  1901 | D:3      | Noticed Jessica
  1908 | D:3      | Killed Jessica
  2096 | D:3      | Reached skill level 5 in Ranged Weapons
  2274 | D:3      | Found a faded altar of an unknown god.
  2376 | D:3      | Found an ancient bone altar of Kikubaaqudgha.
  2494 | D:3      | 2494 ||| UPGRADING to +1 cloak.
  2499 | D:3      | 2499 ||| READING scroll labelled ANWOCA RAANON.
  2500 | D:3      | 2500 ||| READING scroll labelled QUDEFU LAANUT.
  2503 | D:3      | 2503 ||| DRINKING 3 fuming purple potions.
  2556 | D:4      | Noticed a scorpion
  2557 | D:4      | 2557 ||| PLANNING SEWER
  2566 | D:4      | Killed a scorpion
  2567 | D:4      | Reached skill level 3 in Fighting
  2567 | D:4      | Reached XP level 5. HP: 43/46 MP: 5/5
  2783 | D:4      | Found a bloodstained altar of Trog.
  3019 | D:4      | Reached XP level 6. HP: 52/52 MP: 6/6
  3166 | D:4      | Found a glowing drain.
  3167 | D:4      | 3167 ||| READING scroll labelled SITOSI GAOSOD.
  3168 | D:4      | 3168 ||| READING 3 scrolls labelled RUL QARAUQAE.
  3169 | D:4      | 3169 ||| READING 2 scrolls of enchant weapon.
  3169 | D:4      | 3169 ||| ENCHANTING +2 sling.
  3170 | D:4      | 3170 ||| READING scroll of enchant weapon.
  3170 | D:4      | 3170 ||| ENCHANTING +3 sling.
  3171 | D:4      | 3171 ||| READING scroll labelled UZAEVI ENGA.
  3175 | Sewer    | Entered a sewer
  3182 | Sewer    | Reached skill level 6 in Ranged Weapons
  3348 | Sewer    | Found a white marble altar of Elyvilon.
  3391 | D:4      | 3391 ||| PLANNING D:1-11
  3413 | D:4      | 3413 ||| STAIRDANCE
  3417 | D:4      | 3417 ||| STAIRDANCE
  3421 | D:4      | 3421 ||| STAIRDANCE
  3425 | D:4      | 3425 ||| STAIRDANCE
  3429 | D:4      | 3429 ||| STAIRDANCE
  3433 | D:4      | 3433 ||| STAIRDANCE
  3437 | D:4      | 3437 ||| STAIRDANCE
  3441 | D:4      | 3441 ||| STAIRDANCE
  3445 | D:4      | 3445 ||| STAIRDANCE
  3449 | D:4      | 3449 ||| STAIRDANCE
  3453 | D:4      | 3453 ||| STAIRDANCE
  3457 | D:4      | 3457 ||| STAIRDANCE
  3461 | D:4      | 3461 ||| STAIRDANCE
  3465 | D:4      | 3465 ||| STAIRDANCE
  3469 | D:4      | 3469 ||| STAIRDANCE
  3473 | D:4      | 3473 ||| STAIRDANCE
  3477 | D:4      | 3477 ||| STAIRDANCE
  3481 | D:4      | 3481 ||| STAIRDANCE
  3485 | D:4      | 3485 ||| STAIRDANCE
  3489 | D:4      | 3489 ||| STAIRDANCE
  3556 | D:5      | Entered Level 5 of the Dungeon
  3557 | D:5      | 3557 ||| PLANNING OSSUARY
  3558 | D:5      | 3558 ||| STAIRDANCE
  3591 | D:5      | 3591 ||| Stepping ~*~*~tactically~*~*~ (outnumbered).
  3599 | D:5      | Reached skill level 7 in Ranged Weapons
  3617 | D:5      | Reached skill level 3 in Dodging
  3617 | D:5      | Reached XP level 7. HP: 22/59 MP: 7/7
  3825 | D:5      | Noticed Blork the orc
  3836 | D:5      | Killed Blork the orc
  3938 | D:5      | Noticed Menkaure
  3940 | D:5      | 3940 ||| FLEEEEING.
  3941 | D:5      | 3941 ||| FLEEEEING.
  3964 | D:5      | Killed Menkaure
  3965 | D:5      | Reached skill level 8 in Ranged Weapons
  4128 | D:5      | Noticed Pikel
  4138 | D:5      | HP: 12/59 [lemure[Pikel] (4)]
  4140 | D:5      | HP: 4/59 [Pikel/+0 whip of flaming (2)]
  4141 | D:5      | HP: 1/59 [Pikel/+0 whip of flaming (1)]
  4141 | D:5      | Slain by a lemure

Levels and vault maps discovered:
D:1:      ncdulo_halloftheorcs, layout_basic, dreamdust_wishing_well,
          minmay_hedge_maze
D:2:      layout_basic
D:3:      layout_loops_corners, mainiacjoe_overflow_concentric_impassable,
          nicolae_gozag_seed_capital, nicolae_overflow_ecumenical_swirl,
          uniq_jessica
D:4:      layout_rooms, trog_butcher_becter, gup_sewer_entry_bowl
D:5:      cheibrodos_helix_gallery, layout_loops_cross,
          minmay_temple_entry_fiery, enter_ossuary_2, uniq_pikel,
          uniq_blork_the_orc, uniq_menkaure

Skill      XL: |  1  2  3  4  5  6  7 |
---------------+----------------------+-----
Ranged Weapons | 3 4 5 7 8 |  8.2
Fighting       | 2 3 4 |  4.0
Armour         | 1 2 |  2.5
Dodging        | 3 |  3.0
Spellcasting   | |  1.0
Hexes          | |  2.0

Action                     |  1- 3 |  4- 6 |  7- 9 || total
---------------------------+-------+-------+-------++-------
   Fire: Sling             |   128 |   204 |    48 ||   380
    Use: Scroll            |     3 |     7 |       ||    10
         Potion            |     1 |     1 |       ||     2
 Armour: Ring mail         |     3 |    61 |     8 ||    72
         Robe              |     3 |       |       ||     3
  Dodge: Dodged            |    26 |    73 |    26 ||   125

Table legend:
 A = Non-vault XP
 B = Vault XP
 C = Vault XP percentage of total XP
 D = Non-vault monster count
 E = Vault monster count
 F = Vault count percentage of total count
                 A         B        C        D         E       F
            +---------+---------+-------+---------+---------+-------
      Total |     691 |     440 |  38.9 |      91 |      20 |  18.0
            +---------+---------+-------+---------+---------+-------
        D:1 |      30 |       0 |   0.0 |      21 |       0 |   0.0
        D:2 |      52 |       0 |   0.0 |      21 |       0 |   0.0
        D:3 |      57 |      37 |  39.4 |      20 |       1 |   4.8
        D:4 |     234 |      12 |   4.9 |      18 |       7 |  28.0
        D:5 |     318 |     261 |  45.1 |      11 |       2 |  15.4
      Sewer |       0 |     130 | 100.0 |       0 |      10 | 100.0
            +---------+---------+-------+---------+---------+-------
